 Dungeon Crawl Stone Soup version 0.21-a0-405-gf2af9a1 (webtiles) character file.

884 Dysjunc the Covered (level 8, -1/60 HPs)
             Began as a Gnoll Wanderer on Oct 31, 2017.
             Slain by Pikel
             ... wielding a +0 whip of electrocution
              (8 damage)
             ... on level 5 of the Dungeon on Nov 1, 2017.
             The game lasted 00:28:54 (6463 turns).

Dysjunc the Covered (Gnoll Wanderer)                Turns: 6463, Time: 00:28:55

Health: -1/60      AC: 11    Str: 15    XL:     8   Next: 5%
Magic:  5/12       EV: 12    Int: 20    God:
Gold:   156        SH:  3    Dex: 17    Spells: 11/15 levels left

rFire    . . .     SeeInvis .   y - +0 flail
rCold    . . .     Gourm    .   (no shield)
rNeg     . . .     Faith    .   z - +2 ring mail {MR+}
rPois    .         Spirit   .   n - +2 helmet
rElec    .         Reflect  +   (no cloak)
rCorr    .         Harm     .   (no gloves)
MR       ++...                  (no boots)
Stlth    ++........             t - +3 amulet of reflection
HPRegen  0.20/turn              g - ring of protection from magic
MPRegen  0.13/turn              (no ring)

@: very slightly contaminated
A: distributed training, fangs 1, agile 1, clever 2, low mp 1, strong nose
a: no special abilities


You were on level 5 of the Dungeon.
You were hungry.

You visited 2 branches of the dungeon, and saw 6 of its levels.

You collected 156 gold pieces.

Inventory:

Hand Weapons
 a - a +2 mace
 d - a +0 dagger
 v - a +0 hunting sling
 y - a +0 flail (weapon)
 B - a +0 halberd
Missiles
 u - 13 arrows
 w - 81 stones (quivered)
Armour
 c - a +0 ring mail
 m - a +0 chain mail
 n - a +2 helmet (worn)
 s - a +0 ring mail
 z - a +2 ring mail of magic resistance (worn)
Magical Staves
 q - an uncursed staff of fire
Jewellery
 g - a ring of protection from magic (left hand)
 r - an uncursed amulet of rage
 t - a +3 amulet of reflection (around neck)
Scrolls
 h - 2 scrolls of recharging
 l - a scroll of remove curse
 p - a scroll of magic mapping
 x - a scroll of amnesia
Potions
 e - 4 potions of curing
 i - 2 potions of degeneration {unknown}
 o - a potion of invisibility
Books
 b - Vitt's Catalogue of Dark Rituals

   Spells                             Type                      Level
   a - Pain                           Necromancy                   1
   b - Vampiric Draining              Necromancy                   3
Comestibles
 f - 4 bread rations
 j - 9 fruits


   Skills:
 + Level 3.9 Fighting
 + Level 2.8 Short Blades
 + Level 2.8 Long Blades
 + Level 2.8 Axes
 + Level 3.9 Maces & Flails
 + Level 2.8 Polearms
 + Level 2.8 Staves
 + Level 2.8 Slings
 + Level 2.8 Bows
 + Level 2.8 Crossbows
 + Level 2.8 Throwing
 + Level 7.2 Armour
 + Level 2.8 Dodging
 + Level 5.1 Stealth
 + Level 2.8 Shields
 + Level 2.8 Unarmed Combat
 + Level 4.0 Spellcasting
 + Level 2.3 Conjurations
 + Level 2.3 Hexes
 + Level 4.5 Charms
 + Level 2.3 Summonings
 + Level 2.3 Necromancy
 + Level 2.3 Translocations
 + Level 2.3 Transmutations
 + Level 2.3 Fire Magic
 + Level 2.3 Ice Magic
 + Level 2.3 Air Magic
 + Level 2.3 Earth Magic
 + Level 2.3 Poison Magic
 + Level 3.1 Invocations
 + Level 2.8 Evocations


You had 11 spell levels left.
You knew the following spells:

 Your Spells              Type           Power        Failure   Level  Hunger
a - Pain                  Necr           ##..         9%          1    None
s - Vampiric Draining     Necr           ##........   26%         3    ###....


Dungeon Overview and Level Annotations

Branches:
Dungeon (5/15)             Temple (1/1) D:5

Altars:
Ashenzari
Cheibriados
Dithmenos
Elyvilon
Fedhas
Hepliaklqana
Kikubaaqudgha
Qazlal
Ru
Trog
Uskayaw
Yredelemnul
Zin
The Shining One

Annotations:
D:5 Pikel


Innate Abilities, Weirdness & Mutations

Your experience applies equally to all skills.
You have very sharp teeth.
Your uncanny sense of smell can sniff out nearby items.
You are agile. (Dex +2)
Your mind is very acute. (Int +4)
Your magical capacity is low. (-10% MP)


Message History

The slave closely misses you. Pikel hits you but does no damage.
You hit Pikel.
Pikel is moderately wounded.
You block the slave's attack. Pikel hits you but does no damage.
You barely miss Pikel. You bite Pikel, but do no damage.
Pikel is moderately wounded.
The slave hits you but does no damage.
Pikel says, "You will build my throne, and die beneath it!"
Pikel hits you with a whip of electrocution.
* * * LOW HITPOINT WARNING * * *
You hit Pikel.
Pikel is heavily wounded.
The slave hits you.
* * * LOW HITPOINT WARNING * * *
Pikel misses you.
You hit Pikel but do no damage. Your bite misses Pikel.
Pikel is heavily wounded.
The slave hits you but does no damage. Pikel hits you but does no damage.
You are electrocuted!
You die...

#############
#...........#####
#.#########.#@p.#
####.#.........##K<#
..##.#.........p.[###
..##.########.......#
..##...........[..#.#
..####...........##.#
...........>.....'..#
..#.##...........####
..#.##...........#


You could see Pikel and a slave.

Vanquished Creatures
  The ghost of Partyfoot the Sneak, an amateur VSEn (D:4)
  2 slaves (D:5)
  A phantom (D:5)
  A centaur (D:5)
  A crimson imp (D:4)
  A jelly (D:5)
  2 orc priests (D:4)
  An iguana (D:5)
  A centaur skeleton (D:5)
  3 orc wizards
  4 worker ants
  3 gnolls (D:4)
  7 adders
  An ooze (D:5)
  An adder skeleton (D:4)
  4 worms
  2 dart slugs
  2 leopard geckos (D:1)
  7 orcs
  10 bats
  6 giant cockroaches
  11 goblins
  11 hobgoblins
  5 jackals
  A quokka (D:4)
  2 ball pythons
  7 frilled lizards
  A jackal skeleton (D:4)
  8 kobolds
  A leopard gecko skeleton (D:4)
  A quokka skeleton (D:4)
  10 rats
119 creatures vanquished.

Vanquished Creatures (others)
  A goblin (D:3)
1 creature vanquished.

Grand Total: 120 creatures vanquished

Notes
Turn   | Place    | Note
-------+----------+-------------------------------------------
     0 | D:1      | Dysjunc the Gnoll Wanderer began the quest for the Orb.
     0 | D:1      | Dysjunc set off with: a +2 mace, Vitt's Catalogue of Dark Rituals, a +0 ring mail, a +0 dagger, a bread ration
     0 | D:1      | Reached XP level 1. HP: 17/17 MP: 4/4
     0 | D:1      | Identified Vitt's Catalogue of Dark Rituals
     2 | D:1      | Learned a level 1 spell: Pain
   263 | D:1      | Reached XP level 2. HP: 23/23 MP: 5/5
   619 | D:1      | Reached XP level 3. HP: 22/28 MP: 7/7
   775 | D:1      | Reached skill level 1 in Invocations
  1094 | D:2      | Reached skill level 1 in Short Blades
  1094 | D:2      | Reached skill level 1 in Long Blades
  1094 | D:2      | Reached skill level 1 in Axes
  1094 | D:2      | Reached skill level 1 in Polearms
  1094 | D:2      | Reached skill level 1 in Staves
  1094 | D:2      | Reached skill level 1 in Slings
  1094 | D:2      | Reached skill level 1 in Bows
  1094 | D:2      | Reached skill level 1 in Crossbows
  1094 | D:2      | Reached skill level 1 in Throwing
  1094 | D:2      | Reached skill level 1 in Dodging
  1094 | D:2      | Reached skill level 1 in Shields
  1094 | D:2      | Reached skill level 1 in Unarmed Combat
  1094 | D:2      | Reached skill level 1 in Evocations
  1156 | D:2      | Reached XP level 4. HP: 33/34 MP: 8/8
  1226 | D:2      | Found a glowing golden altar of the Shining One.
  1463 | D:2      | Found a stormy altar of Qazlal.
  1871 | D:3      | Reached skill level 1 in Conjurations
  1871 | D:3      | Reached skill level 1 in Hexes
  1871 | D:3      | Reached skill level 1 in Summonings
  1871 | D:3      | Reached skill level 1 in Necromancy
  1871 | D:3      | Reached skill level 1 in Translocations
  1871 | D:3      | Reached skill level 1 in Transmutations
  1871 | D:3      | Reached skill level 1 in Fire Magic
  1871 | D:3      | Reached skill level 1 in Ice Magic
  1871 | D:3      | Reached skill level 1 in Air Magic
  1871 | D:3      | Reached skill level 1 in Earth Magic
  1871 | D:3      | Reached skill level 1 in Poison Magic
  1937 | D:3      | Reached XP level 5. HP: 33/40 MP: 9/9
  2338 | D:4      | Found a hide-covered altar of Uskayaw.
  2338 | D:4      | Noticed a hand axe
  2339 | D:4      | Noticed a hand axe
  2832 | D:4      | Reached XP level 6. HP: 39/47 MP: 10/10
  3104 | D:5      | Entered Level 5 of the Dungeon
  3490 | D:4      | Found a sacrificial altar of Ru.
  3546 | D:4      | Noticed Partyfoot's ghost (amateur VSEn)
  3547 | D:4      | Gained mutation: Your mind is acute. (Int +2) [potion of mutation]
  3547 | D:4      | Gained mutation: Your magical capacity is low. (-10% MP) [potion of mutation]
  3547 | D:4      | Gained mutation: Your mind is very acute. (Int +4) [potion of mutation]
  3547 | D:4      | Gained mutation: You evolve. [potion of mutation]
  3597 | D:4      | Killed Partyfoot's ghost
  3597 | D:4      | Reached XP level 7. HP: 18/52 MP: 11/11
  3604 | D:4      | Learned a level 3 spell: Vampiric Draining
  4002 | D:4      | Reached skill level 7 in Armour
  4178 | D:5      | Found an ancient bone altar of Kikubaaqudgha.
  4728 | D:5      | Upgraded the game from 0.21-a0-404-g291f19a to 0.21-a0-405-gf2af9a1
  4876 | D:5      | Noticed Pikel
  5779 | D:5      | Reached skill level 5 in Stealth
  5881 | D:5      | Found a staircase to the Ecumenical Temple.
  5896 | D:5      | Reached XP level 8. HP: 6/60 MP: 7/12
  6110 | D:5      | Gained mutation: You are agile. (Dex +2) [evolution]
  6110 | D:5      | Lost mutation: You evolve. [end of evolution]
  6134 | Temple   | Entered the Ecumenical Temple
  6463 | D:5      | Slain by Pikel

Vault maps used:
D:1:      minmay_arrival_plants_in_alcoves
D:2:      nicolae_qazlal_eye_of_the_storm, lemuel_round_altar,
          minmay_misc_feat_x
D:3:      minmay_goblin_outpost
D:4:      dancing_weapons_uskayaw, overflow_temple_1_default,
          minmay_misc_feat_tiny
D:5:      kennysheep_little_box, minmay_temple_entry_junction, first_bread,
          eino_small_chamber_without_monster, water_boxes_lemuel, uniq_pikel
Temple:   nicolae_temple_figure_zero

Skill      XL: |  1  2  3  4  5  6  7 |
---------------+----------------------+-----
Invocations    | 1 2 3 |  3.1
Short Blades   | 1 2 |  2.8
Long Blades    | 1 2 |  2.8
Axes           | 1 2 |  2.8
Polearms       | 1 2 |  2.8
Staves         | 1 2 |  2.8
Slings         | 1 2 |  2.8
Bows           | 1 2 |  2.8
Crossbows      | 1 2 |  2.8
Throwing       | 1 2 |  2.8
Dodging        | 1 2 |  2.8
Shields        | 1 2 |  2.8
Unarmed Combat | 1 2 |  2.8
Evocations     | 1 2 |  2.8
Spellcasting   | 3 4 |  4.0
Conjurations   | 1 2 |  2.3
Hexes          | 1 2 |  2.3
Summonings     | 1 2 |  2.3
Necromancy     | 1 2 |  2.3
Translocations | 1 2 |  2.3
Transmutations | 1 2 |  2.3
Fire Magic     | 1 2 |  2.3
Ice Magic      | 1 2 |  2.3
Air Magic      | 1 2 |  2.3
Earth Magic    | 1 2 |  2.3
Poison Magic   | 1 2 |  2.3
Fighting       | 3 |  3.9
Maces & Flails | 3 |  3.9
Charms         | 4 |  4.5
Armour         | 7 |  7.2
Stealth        | 5 |  5.1

Action                   |  1- 3 |  4- 6 |  7- 9 || total
-------------------------+-------+-------+-------++-------
Melee: Mace              |   105 |   152 |       ||   257
       Bite              |    12 |    30 |    18 ||    60
       Punch             |       |     2 |     1 ||     3
       Flail             |       |   108 |   131 ||   239
Throw: Stone             |       |     3 |       ||     3
 Cast: Pain              |     5 |     2 |     2 ||     9
       Vampiric Draining |       |       |    15 ||    15
  Use: Scroll            |       |    11 |     3 ||    14
       Potion            |       |     6 |       ||     6
 Stab: Sleeping          |     5 |       |     1 ||     6
  Eat: Chunk             |       |     8 |       ||     8
       Meat ration       |       |     1 |       ||     1
       Bread ration      |       |       |     1 ||     1
       Royal jelly       |       |       |     1 ||     1
Armor: Ring mail         |    65 |       |    69 ||   134
       Chain mail        |       |   180 |     4 ||   184
       Skin              |       |    50 |       ||    50
Dodge: Dodged            |    71 |   107 |    94 ||   272
Block: Other             |       |    33 |    19 ||    52
       Reflection        |       |     3 |       ||     3

Table legend:
 A = Spawn XP
 B = Non-spawn XP
 C = Spawn XP percentage of total XP
 D = Spawn monster count
 E = Non-spawn monster count
 F = Spawn count percentage of total count
 G = Total turns spent on level
                    A         B        C        D         E        F      G
               +---------+---------+-------+---------+---------+-------+---------
         Total |       0 |    1263 |   0.0 |       0 |     118 |   0.0 |  6463
               +---------+---------+-------+---------+---------+-------+---------
           D:1 |       0 |      58 |   0.0 |       0 |      33 |   0.0 |   903
           D:2 |       0 |      33 |   0.0 |       0 |      14 |   0.0 |   655
           D:3 |       0 |      98 |   0.0 |       0 |      30 |   0.0 |   742
           D:4 |       0 |     548 |   0.0 |       0 |      26 |   0.0 |  2644
           D:5 |       0 |     526 |   0.0 |       0 |      15 |   0.0 |  1371
               +---------+---------+-------+---------+---------+-------+---------
